 Dungeon Crawl Stone Soup version 0.15-a0-90-g85a0ca6 (webtiles) character file.

248 Sabsy the Skirmisher (level 5, -3/41 HPs)
             Began as a Demonspawn Chaos Knight on Apr 8, 2014.
             Was a Plaything of Xom.
             Killed by divine providence
             ... invoked by an orc priest
              (11 damage)
             ... on Level 3 of the Dungeon.
             The game lasted 00:11:34 (2328 turns).

Sabsy the Skirmisher (Demonspawn Chaos Knight)      Turns: 2328, Time: 00:11:34

HP  -3/41        AC  5     Str 13      XL: 5   Next:  0%
MP   5/5         EV 11     Int 14      God: Xom
Gold 111         SH  0     Dex 12      Spells:  0 memorised,  4 levels left

rFire  . . .     SeeInvis .     k - +0 flail
rCold  . . .     Clarity  .     b - +2 leather armour
rNeg   . . .     Conserve .     (no shield)
rPois  .         rCorr    .     (helmet restricted)
rElec  .         rRot     .     (no cloak)
SustAb . .       Spirit   .     (no gloves)
rMut   .         Warding  .     (no boots)
Saprov . . .     Stasis   .     (no amulet)
MR     .....                    (no ring)
                                (no ring)

@: not resistant to hostile enchantments, quite stealthy
A: horns 1, blurry vision 1, deterioration 1, nightstalker 2
a: Renounce Religion


You were on level 3 of the Dungeon.
You worshipped Xom.
You were a plaything of Xom.
You were not hungry.

You visited 1 branch of the dungeon, and saw 3 of its levels.

You collected 111 gold pieces.

Inventory:

Hand weapons
 j - a +0,+0 mace of chaos
 k - a +0,+0 flail (weapon)
Missiles
 d - 2 tomahawks (quivered)
Armour
 b - a +2 leather armour (worn)
Comestibles
 c - a bread ration
 g - a meat ration
Scrolls
 e - a scroll of identify
 f - a scroll of immolation
 i - a scroll of remove curse {unknown}
 l - a scroll of enchant weapon II {unknown}
Potions
 a - 2 potions of curing


   Skills:
 - Level 3.4 Fighting
 + Level 3.3 Maces & Flails
 + Level 2.7 Armour
 + Level 2.5 Dodging
 + Level 1.1 Stealth


You had 4 spell levels left.
You didn't know any spells.

Dungeon Overview and Level Annotations

Branches:
Dungeon (3/15)

Altars:


Innate Abilities, Weirdness & Mutations

You have a pair of small horns on your head.
You are significantly more attuned to the shadows.
Your vision is a little blurry.
Your body is slowly deteriorating.


Message History

You hit the orc.
You kill the orc!
You have reached level 5!
The orc wizard casts a spell.
The orc wizard seems to speed up.
You barely miss the orc. The orc closely misses you.
The orc wizard gestures wildly while chanting.
The orc wizard blinks!
The orc priest looks braver.
The orc hits you but does no damage.
You closely miss the orc.
The orc wizard points at you and mumbles some strange words.
The magic dart hits you! The orc barely misses you.
The orc wizard points at you and mumbles some strange words.
The magic dart hits you!
* * * LOW HITPOINT WARNING * * *
The orc priest mumbles some strange prayers to Beogh against you.
Something smites you!
You die...
Xom roars with laughter!

...##...##....####..# #.#....
..............#.....# .......
#.#........#.##.....# ........
#>#...##...#.##.....####.........
#................................
#####...####.#####...##..........
#...# #.###........#.....#..
##### #.#oo....>...#.......#
#.#.#@...#...##..#.#.#
#.#.##...####....#.#.#
#.#o###.#####......... ..#[# #o#
#.....###### ..... .# #.....###
..#.#( #..%....# #### #.#.#..
#####...# ...#########.#.###
#....# ................# #...##


You could see an orc priest, an orc wizard and an orc.

Vanquished Creatures
  5 adders
  A worm (D:2)
  2 giant geckos
  2 oozes
  7 orcs (D:3)
  A giant cockroach (D:1)
  6 hobgoblins
  7 kobolds
  2 ball pythons
  3 bats
  4 giant newts
  5 goblins
  11 rats
56 creatures vanquished.

Vanquished Creatures (collateral kills)
  The ghost of Sabsy the Skirmisher, a weakling MiCK of Xom (D:3)
  A crimson imp (D:3)
  A worm (D:3)
  A ball python (D:3)
4 creatures vanquished.

Grand Total: 60 creatures vanquished

Notes
Turn   | Place    | Note
--------------------------------------------------------------
     0 | D:1      | Sabsy, the Demonspawn Chaos Knight, began the quest for the Orb.
     0 | D:1      | Reached XP level 1. HP: 18/18 MP: 1/1
   198 | D:1      | XOM: harmless Trmt miscast
   209 | D:1      | Gained mutation: You have a pair of small horns on your head. [demonic ancestry]
   209 | D:1      | Reached XP level 2. HP: 24/24 MP: 2/2
   221 | D:1      | Reached skill level 1 in Dodging
   363 | D:1      | XOM: divination: detect items
   599 | D:1      | XOM: harmless Ice miscast
   620 | D:1      | XOM: harmless Hex miscast
   671 | D:1      | XOM: harmless Hex miscast
   797 | D:2      | Gained mutation: You are slightly more attuned to the shadows. [demonic ancestry]
   797 | D:2      | Reached XP level 3. HP: 10/29 MP: 3/3
  1628 | D:3      | Noticed Sabsy's ghost (weakling MiCK)
  1628 | D:3      | XOM: confusion
  1629 | D:3      | XOM: confusion
  1631 | D:3      | XOM: cast spell 'Tukima's Dance'
  1640 | D:3      | Killed Sabsy's ghost
  1640 | D:3      | Gained mutation: You are significantly more attuned to the shadows. [demonic ancestry]
  1640 | D:3      | Reached XP level 4. HP: 24/35 MP: 4/4
  1679 | D:3      | XOM: summons 1 hostile demon
  1771 | D:3      | XOM: harmless Ice miscast
  1807 | D:3      | Reached skill level 1 in Stealth
  1825 | D:3      | XOM: medium Hex miscast
  2314 | D:3      | XOM: give mutations
  2314 | D:3      | Gained mutation: Your vision is a little blurry. [Xom's mischief]
  2314 | D:3      | Gained mutation: Your body is slowly deteriorating. [Xom's mischief]
  2321 | D:3      | Reached XP level 5. HP: 17/41 MP: 5/5
  2328 | D:3      | Killed from afar by an orc priest

Action                   |  1- 3 |  4- 6 || total
-------------------------+-------+-------++-------
Melee: Mace              |   105 |       ||   105
       Flail             |       |    75 ||    75
       Club              |       |     1 ||     1
Throw: Tomahawk          |     1 |       ||     1
  Use: Potion            |     3 |     1 ||     4
       Scroll            |     2 |       ||     2
 Stab: Confused          |     1 |       ||     1
       Petrified         |     1 |       ||     1
       Sleeping          |     2 |     1 ||     3
